 Dungeon Crawl Stone Soup version 0.28.0-45-g0d030f2227 (webtiles) character file.

Game seed: 10340508998366074702

103 pkoi the Sneak (level 4, -1/36 HPs)
             Began as a Demigod Brigand on Apr 8, 2022.
             Slain by a gnoll
             ... wielding a +0 club
              (3 damage)
             ... on level 1 of the Dungeon.
             The game lasted 00:02:50 (3551 turns).

pkoi the Sneak (Demigod Brigand)                    Turns: 3551, Time: 00:02:51

Health: -1/36      AC:  4    Str: 16    XL:     4   Next: 27%
Magic:  6/6        EV: 11    Int: 13    God:
Gold:   91         SH:  0    Dex: 15    Spells: 3/3 levels left

rFire   . . .      SeeInvis .   a - +2 dagger
rCold   . . .      Faith    .   (no shield)
rNeg    . . .      Spirit   .   b - +0 robe
rPois   .          Reflect  .   l - +0 helmet
rElec   .          Harm     .   c - +0 cloak
rCorr   .          Rampage  .   (no gloves)
Will    .....                   (no boots)
Stlth   +++.......              (no amulet)
HPRegen 0.12/turn               (no ring)
MPRegen 0.10/turn               (no ring)

@: no status effects
A: high MP 1, forlorn, divine attributes
a: no special abilities


You were on level 1 of the Dungeon.
You visited 1 branch of the dungeon, and saw 2 of its levels.

You collected 91 gold pieces.

Inventory:

Hand Weapons
 a - a +2 dagger (weapon)
Missiles
 d - 9 poisoned darts
 e - 2 curare-tipped darts
 k - 4 boomerangs (quivered)
Armour
 b - a +0 robe (worn)
 c - a +0 cloak (worn)
 l - a +0 helmet (worn)
Scrolls
 f - a scroll of acquirement {unknown}
 j - a scroll of teleportation {unknown}
 m - a scroll of identify {unknown}
Potions
 g - a potion of brilliance {unknown}
 h - a potion of heal wounds {unknown}
 i - a potion of curing {unknown}


   Skills:
 - Level 2.0 Fighting
 - Level 1.7 Short Blades
 - Level 2.0 Throwing
 - Level 1.0 Dodging
 - Level 4.2 Stealth
 * Level 3.0 Unarmed Combat


You had 3 spell levels left.
You didn't know any spells.
Your spell library was empty.

Dungeon Overview and Level Annotations

Branches:
Dungeon (2/15)


Innate Abilities, Weirdness & Mutations

You have an increased reservoir of magic. (+10% MP)
You shall have no god before yourself.
Your divine heritage dramatically boosts your attributes as you level up.


Message History

You start resting.
You start resting.
HP restored.
You climb downwards.
The gnoll hits you with a +0 club. The gnoll hits you with a +0 whip.
There is a stone staircase leading up here.
Unknown command.
The gnoll hits you with a +0 club.
* * * LOW HITPOINT WARNING * * *
The gnoll hits you with a +0 whip.
* * * LOW HITPOINT WARNING * * *
You climb upwards.
There is a stone staircase leading down, spattered with blood here.
Unknown command.
The gnoll hits you with a +0 whip.
* * * LOW HITPOINT WARNING * * *
Things that are here:
a +0 spear; a gnoll skeleton You closely miss the gnoll.
The gnoll hits you with a +0 club.
* * * LOW HITPOINT WARNING * * *
You closely miss the gnoll. The gnoll barely misses you.
You hit the gnoll.
The gnoll is moderately wounded.
The gnoll hits you with a +0 club.
* * * LOW HITPOINT WARNING * * *
You hit the gnoll.
The gnoll is heavily wounded.
The gnoll closely misses you.
You hit the gnoll but do no damage.
The gnoll is heavily wounded.
The gnoll hits you with a +0 club.
* * * LOW HITPOINT WARNING * * *
You hit the gnoll.
The gnoll is almost dead.
The gnoll hits you with a +0 club!
* * * LOW HITPOINT WARNING * * *
You closely miss the gnoll.
The gnoll is almost dead.
The gnoll hits you with a +0 club.
You die...

###############
#.............###
#.##............#
#.##.#####..#.#.####
##############.##.#
#.........#
.....†........gg@.#
#..#.#.....
.>....#####.#.)##.#
#.......... .####.#
#.#.>##.#####.#........
.# #.#
#.#..##...............#
.# #.#
#.#..#####.#.#.........
.# #.#
#.#.......###........#.
## #.#
#.#.####...#.........#.
#####.# #.#.#
#.##.##########.
...##.# #.#.# #.##.#
##..# #.


You could see 2 gnolls.

Vanquished Creatures
  Robin (D:1)
  2 gnolls
  An adder (D:2)
  A worm (D:2)
  8 endoplasms
  A giant cockroach (D:1)
  14 goblins
  5 hobgoblins (D:1)
  2 kobolds (D:1)
  2 quokkas (D:1)
  4 ball pythons
  4 bats
  6 frilled lizards
  4 rats
55 creatures vanquished.

Notes
Turn   | Place    | Note
-------+----------+-------------------------------------------
     0 | D:1      | pkoi the Demigod Brigand began the quest for the Orb.
     0 | D:1      | Reached XP level 1. HP: 17/17 MP: 3/3
    41 | D:1      | Reached skill level 1 in Dodging
   239 | D:1      | Reached XP level 2. HP: 9/24 MP: 4/4
   248 | D:1      | Reached skill level 1 in Unarmed Combat
  1280 | D:2      | Reached skill level 4 in Stealth
  1280 | D:2      | Reached XP level 3. HP: 22/29 MP: 5/5
  1426 | D:2      | Noticed Robin
  1875 | D:1      | Killed Robin
  3098 | D:2      | Reached XP level 4. HP: 33/36 MP: 6/6
  3551 | D:1      | Slain by a gnoll

Illustrated notes

Levels and vault maps discovered:
D:1:      saegor_arrival_simple_e, layout_loops_ring, serial_bayou_pond_a
D:2:      layout_loops_cross, dreamdust_ecumenical_altar_sealed_demon,
          uniq_robin

Skill      XL: |  1  2  3  4 |
---------------+-------------+-----
Dodging        | 1 |  1.0
Fighting       | 2 |  2.0
Throwing       | 2 |  2.0
Unarmed Combat | 1 2 3 |  3.0
Stealth        | 4 |  4.2
Short Blades   | |  1.7

Action                   |  1- 3 |  4- 6 || total
-------------------------+-------+-------++-------
Melee: Dagger            |   177 |    25 ||   202
       Punch             |     3 |     1 ||     4
Throw: Boomerang         |    12 |       ||    12
       Dart              |       |     2 ||     2
 Stab: Sleeping          |    10 |       ||    10
Armor: Robe              |    39 |     3 ||    42
Dodge: Dodged            |   101 |    15 ||   116
